[Event "10th Cesme Open-A 2024"]
[Site "Cesme"]
[Date "2024.06.30"]
[Round "9"]
[White "Rasulov, Vugar"]
[Black "Kharitonov, Alexandr"]
[Result "1-0"]
[ECO "A11"]
[WhiteElo "2557"]
[BlackElo "2522"]
[Annotator "TA"]
[PlyCount "115"]
[EventDate "2024.06.23"]
[EventType "swiss"]
[EventCountry "TUR"]
[SourceTitle "playchess.com"]
[Source "ChessBase"]
[SourceQuality "1"]
[TimeControl "5400+30"]

1. c4 c6 2. Nf3 d5 3. e3 Nf6 4. Nc3 e6 5. Qc2 Bd6 6. b3 {[%emt 0:01:30] A11: English Opening: 1...c6.} e5 7. d4 $5 {[%emt 0:00:30][%mdl 4] Exploring less charted territory.} e4 8. Nd2 a6 $146 ({Predecessor:} 8... O-O 9. a3 Bf5 10. Be2 Nbd7 11. O-O Re8 12. Bb2 Ng4 13. Bxg4 Bxg4 14. cxd5 cxd5 {0-1 Niese,P (2335)-Hofer,R (2291) Radosztics Memorial Cup01 email 2010}) 9. Be2 O-O 10. h3 Be6 11. Bb2 b5 12. g4 Nbd7 13. Rg1 Qe7 14. c5 Bc7 15. O-O-O b4 16. Na4 Ne8 17. f4 f5 18. Nf1 g6 19. Ng3 Ng7 20. Kb1 a5 21. g5 Kf7 22. h4 Ke8 23. h5 Bf7 24. Rh1 (24. Nb6 Rb8 $14) 24... Ne6 25. Rdg1 Rg8 26. Bd1 Ra7 27. Qf2 Ndf8 28. Rh3 Kd8 29. Rgh1 Be8 30. hxg6 hxg6 31. Bc1 Bd7 32. Bd2 Bc8 33. Be2 (33. a3 {looks sharper.} bxa3 34. Ka2 Ba6 35. Rh6) 33... Ba6 34. Bxa6 (34. a3 {is interesting.} bxa3 35. Bd1 Bd3+ 36. Ka2) 34... Rxa6 35. Ne2 Ra7 36. Qe1 Ke8 37. Rh6 Bd8 38. Qh4 Qb7 39. Nc1 Qa6 40. Qf2 Qb7 41. Qf1 Ra8 42. Ne2 Ra7 43. Ng3 Ra8 44. Qh3 Qf7 45. Rh8 Rxh8 46. Qxh8 Ra7 47. Rh6 Bc7 ({Wrong is} 47... Qg7 $2 48. Nxf5 Qxh8 49. Nd6+ Ke7 50. Rxh8 $18) 48. Nh5 gxh5 $2 (48... Kd8 $1 $14) 49. Rf6 $1 $18 Qe7 {[%emt 0:00:00] [#]} 50. g6 ({Not} 50. Qxh5+ Kd8 $11) (50. Be1 $1 $18) 50... Ng7 $16 51. Rf7 ({Worse is} 51. Rxc6 Kd7 52. Rb6 Kc8 $17 (52... Bxb6 53. Nxb6+ Kd8 54. Be1 $17)) 51... Qxf7 52. gxf7+ Kxf7 53. Nb6 Ng6 54. Qh6 Rb7 {[%emt 0:01:15] [#]} 55. Qg5 $1 h4 $2 (55... Bxb6 $16 56. cxb6 h4) 56. Nd7 $18 Bxf4 57. Qf6+ Kg8 58. Qxg6 1-0

[Event "10th Cesme Open-A 2024"]
[Site "Cesme"]
[Date "2024.06.30"]
[Round "9"]
[White "Grover, Sahaj"]
[Black "Caputcuoglu, Zeki Berke"]
[Result "1/2-1/2"]
[ECO "C86"]
[WhiteElo "2510"]
[BlackElo "2239"]
[Annotator "TA"]
[PlyCount "48"]
[EventDate "2024.06.23"]
[EventType "swiss"]
[EventCountry "TUR"]
[SourceTitle "playchess.com"]
[Source "ChessBase"]
[SourceQuality "1"]
[TimeControl "5400+30"]

1. e4 e5 2. Nf3 Nc6 3. Bb5 a6 4. Ba4 Nf6 5. Qe2 Be7 6. O-O b5 7. Bb3 O-O 8. c3 d5 9. d3 Re8 10. Nbd2 Bf8 11. a3 h6 12. Ba2 a5 {[%emt 0:05:30] The position is equal.} 13. exd5 Nxd5 14. d4 exd4 15. Qxb5 Nce7 {[%emt 0:00:30] ...Ba6 is the strong threat.} 16. Rd1 ({Don't play} 16. Nxd4 Ba6 17. Qa4 Bxf1 18. Nxf1 Nb6 $15) (16. cxd4 $11 {keeps the balance.} Ba6 17. Qa4) 16... Ba6 (16... dxc3 $17 {Threatens to win with ...Ba6.} 17. Ne4 c6) 17. Qc5 {[%emt 0:01:30] [#]} (17. Qa4 $11) 17... Nf4 $1 $17 18. Nxd4 {[%emt 0:06:30][%cal Od2e4] [#]} Ned5 $1 19. Qc6 Qg5 20. Bxd5 {[%emt 0:04:00] Bc4 would now be deadly.} Nh3+ ({Inferior is} 20... Qxd5 21. Qxd5 Nxd5 22. a4 $11) ({And not} 20... Nxd5 21. N4f3 Qh5 22. Nf1 $11) 21. Kh1 Nxf2+ 22. Kg1 {[%emt 0:00:00] aiming for Ne4.} Nh3+ {[%emt 0:04:30][%mdl 1024] Black has strong compensation.} 23. Kh1 Nf2+ 24. Kg1 {[%emt 0:00:00] Hoping for Ne4.} Nh3+ {[%emt 0:00:00] Weighted Error Value: White=0.25 (precise) /Black=0.27 (precise) .  Mistake:       	White=2     	Black=2      Inaccurate:     	White=2     	Black=1      OK:         	White=5     	Black=5      Best:        	---       	Black=2      Strong:       	---       	Black=1} (24... Nxd1 $17 25. N2f3 Qe7) 1/2-1/2

[Event "10th Cesme Open-A 2024"]
[Site "Cesme"]
[Date "2024.06.30"]
[Round "9"]
[White "Gholami, Aryan"]
[Black "Koksal, Ege"]
[Result "1-0"]
[ECO "D02"]
[WhiteElo "2481"]
[BlackElo "2297"]
[Annotator "TA"]
[PlyCount "73"]
[EventDate "2024.06.23"]
[EventType "swiss"]
[EventCountry "TUR"]
[SourceTitle "playchess.com"]
[Source "ChessBase"]
[SourceQuality "1"]
[TimeControl "5400+30"]

1. d4 d5 2. Bf4 Nf6 3. e3 c5 4. Nf3 Nc6 5. Nbd2 Qb6 6. dxc5 Qxb2 7. Rb1 Qc3 8. Bb5 {[%emt 0:00:00] The position is equal.} e6 9. O-O Be7 10. e4 {[%emt 0:01:00][%cal Be3e4,Be4e5][%mdl 32] [#] Strongly threatening exd5.} O-O 11. Rb3 Qa5 12. Bd6 $36 {[%emt 0:37:30][%mdl 2048] White is pushing.} Qd8 (12... Nxe4 13. Nxe4 dxe4 14. Bxc6 Bxd6 15. Qxd6 $14) (12... dxe4 $6 13. Nc4 Qd8 14. Bxc6 bxc6 (14... Bxd6 15. Nxd6 bxc6 16. Ne5 $16) 15. Nfe5 Bxd6 16. Nxd6 $16 (16. Nxc6 Bxh2+ 17. Kxh2 Qe8 $11)) 13. Re1 Re8 {[%emt 0:05:30] White stays focused until the end.} (13... Na5 $11) 14. e5 {[%emt 0:03:30] White has more active pieces.} Nd7 15. Bxc6 bxc6 16. Nd4 Bf8 (16... Bxd6 {might work better.} 17. cxd6 (17. Nxc6 Qc7 $19) 17... Nxe5) 17. Nxc6 $18 {[%emt 0:00:00] Black is weak on the dark squares} Qh4 18. Rb4 Qh6 19. Re3 {[%emt 0:03:30] [#] And now Rh3 would win.} g6 (19... a5 $142) 20. Rh3 Qg7 21. Rbh4 Nxc5 $2 (21... Bb7 22. Na5 (22. Rxh7 Qxh7 23. Rxh7 Kxh7 $18) 22... Bxd6 23. exd6 (23. Nxb7 Bxe5 24. Rxh7 Qxh7 $14) (23. cxd6 Rab8 $18) 23... Nxc5) 22. Qf3 {[%emt 0:06:00] Bxf8 would now be deadly.} Bxd6 (22... h5 $142 23. Bxf8 Kxf8) 23. Rxh7 (23. exd6 Qa1+ 24. Nf1 Ba6 $17) 23... Bf8 24. Qf6 Qxh7 25. Rxh7 Kxh7 26. Qxf7+ Bg7 27. Qxe8 {[%emt 0:00:00] Threatening mate with Ne7.} Bb7 28. Qe7 Bxc6 29. Qxc5 Rc8 30. Nf3 Bb7 31. Ng5+ Kh6 32. Qe3 Rxc2 33. Nxe6+ Kh7 34. h4 (34. Qxa7 $2 Rc1#) 34... d4 35. Qxd4 {[%emt 0:00:30] Qd7 would kill now.} Rc1+ 36. Kh2 Rc7 37. Nxc7 {[%emt 0:00:00] Weighted Error Value: White=0.32/Black=0.37.  Mistake:       	---       	Black=5      Inaccurate:     	White=1     	Black=3      OK:         	White=5     	Black=7      Best:        	White=3     	Black=1} 1-0

[Event "10th Cesme Open-A 2024"]
[Site "Cesme"]
[Date "2024.06.30"]
[Round "9"]
[White "Isik, Alparslan"]
[Black "Fromm, Marius"]
[Result "1-0"]
[ECO "D24"]
[WhiteElo "2469"]
[BlackElo "2465"]
[Annotator "TA"]
[PlyCount "71"]
[EventDate "2024.06.23"]
[EventType "swiss"]
[EventCountry "TUR"]
[SourceTitle "playchess.com"]
[Source "ChessBase"]
[SourceQuality "1"]
[TimeControl "5400+30"]

1. d4 Nf6 2. c4 e6 3. Nf3 d5 4. Nc3 dxc4 5. e4 b5 6. e5 $1 Nd5 7. Nxb5 Nb6 8. Be2 {[%emt 0:00:30] White is slightly better.} Nc6 9. Be3 Be7 10. a3 Bb7 11. Qc2 Qd7 12. Nc3 (12. Bxc4 $2 a6 13. Nxc7+ Qxc7 $19) 12... Na5 13. Rd1 f5 14. exf6 gxf6 15. Ne4 Qa4 16. Qb1 Nd5 (16... O-O-O $11) 17. Bd2 ({White should try} 17. Rc1 $14) 17... O-O-O 18. O-O Rhg8 19. Rfe1 (19. Bxa5 $2 Nf4 20. Bb4 f5 $19 (20... Nxe2+ $2 21. Kh1 $19)) 19... Kb8 (19... Nb3 $11 {keeps the balance.}) 20. Qc1 (20. Bxa5 $16 {aiming for Bd2.} Qxa5 (20... Nf4 21. Ng3 $16) 21. Bxc4) 20... Rg4 21. Ng3 Nb6 22. Bxa5 Qxa5 23. Bxc4 Nxc4 24. Qxc4 Bd5 25. Qd3 Rdg8 26. Qxh7 (26. Nd2 $1 $16) 26... Bd6 $11 27. Qf7 (27. Qd3 $11) 27... f5 $1 $15 {[%emt 0:02:30][%mdl 1024] Black has compensation.} 28. Ne5 R4g7 29. Qf6 {[%emt 0:00:11] [#]} Be7 (29... Qa4 $1 $17) 30. Qh6 $11 {[%emt 0:09:36] Prevents Rh7} Qa4 31. Qd2 Bg5 {[%emt 0:02:49] This pair of bishops is nice.} 32. Qe2 Bf6 (32... Bh6 $11) 33. Nd3 (33. b3 $1 $14 Qxa3 (33... Qxb3 $2 34. Rb1 $18) 34. Ra1) 33... Ka8 $2 {[%emt 0:02:49] [#]} (33... Bxd4 $11 {and Black is okay.} 34. Nf4 Bb6 35. Nxe6 (35. Nxd5 $2 exd5 36. Qf3 f4 $19) 35... Bxe6 36. Qxe6 Qc2) 34. Nf4 $1 $18 ({Stronger than} 34. Nc5 Qc6 $11) 34... Bb3 (34... Qd7 $142 35. Nxd5 (35. Nxe6 Re7 $16) 35... exd5) 35. Rd3 Bc4 36. Qf3+ {[%emt 0:00:06] Weighted Error Value: White=0.18 (very precise) /Black=0.37.  Loses game:     	---       	Black=1      Mistake:       	White=5     	Black=5      Inaccurate:     	White=4     	Black=4      OK:         	White=10    	Black=8      Best:        	White=2     	Black=1      Strong:       	White=1     	Black=1} 1-0

[Event "10th Cesme Open-A 2024"]
[Site "Cesme"]
[Date "2024.06.30"]
[Round "9"]
[White "Annaberdiyev, Meylis"]
[Black "Altun, Arda"]
[Result "1-0"]
[ECO "B50"]
[WhiteElo "2467"]
[BlackElo "2149"]
[Annotator "TA"]
[PlyCount "109"]
[EventDate "2024.06.23"]
[EventType "swiss"]
[EventCountry "TUR"]
[SourceTitle "playchess.com"]
[Source "ChessBase"]
[SourceQuality "1"]
[TimeControl "5400+30"]

1. e4 c5 2. Nf3 d6 3. c3 Nf6 4. Be2 e6 5. O-O Be7 6. Re1 Nc6 7. Bb5 Qb6 8. Ba4 {[%emt 0:03:30] White has an edge.} Bd7 9. d4 cxd4 10. cxd4 d5 {[%emt 0:00:30] [#]} 11. e5 ({Better is} 11. exd5 $1 $16 Nxd5 12. Nc3) 11... Ne4 $11 12. Nc3 Nxc3 13. bxc3 Qa6 14. Bc2 h6 15. Bd3 Qa5 16. Bd2 Qc7 17. h4 Na5 18. h5 Nc4 19. Rb1 {[%emt 0:01:30] Repels Nb2} Na3 20. Rb2 Nc4 21. Bxc4 Qxc4 22. Rxb7 Qxa2 23. Qe2 Rc8 (23... a5 $11 {remains equal.}) 24. Qf1 $16 {[%emt 0:06:30] Black must now prevent Ra1. White now steadily converts the win.} Qc4 25. Rxa7 Bd8 26. Rb1 {[%emt 0:04:30] Threatens to win with Rbb7.} Qxf1+ 27. Kxf1 Bc6 {[%emt 0:01:30] Inhibits Rbb7. Black is weak on the dark squares} 28. Bc1 {[%emt 0:04:00][%cal Bd2c1,Bc1a3,Ba3d6][%mdl 32] White has more active pieces.} Rc7 29. Raa1 Kd7 30. Ba3 Rb7 31. Rxb7+ Bxb7 32. Bd6 Bb6 33. Ke1 Rc8 34. Kd2 Rg8 35. g3 g6 36. hxg6 ({Much less strong is} 36. Rb1 Kc6 37. hxg6 fxg6) 36... fxg6 37. Rh1 h5 38. Rb1 Kc6 39. Ng5 Bc8 40. f4 Rg7 41. Nf3 Ba6 (41... Bd8 $16 42. Rb8 Kd7) 42. Ra1 Bc8 43. Ra8 Rg8 44. Ng5 Kd7 $2 (44... Kb7 {keeps fighting.} 45. Rb8+ Ka7 46. Rxc8 Rxc8) 45. Bc5 (45. Nh7 $142 Rd8 46. Nf8+ Kc6 47. Nxg6) 45... Bc7 46. Ra7 {[%emt 0:09:08] Bd6 would now be deadly.} Kc6 47. Ke3 Bd7 (47... Bd8 $142 48. Nf7 Bc7) 48. Nf7 Bb8 (48... Bc8 $142 49. Kf3 Rg7) 49. Ra6+ $18 Kb7 50. Rb6+ Kc7 51. Rb2 (51. Ng5 $142) 51... Kc6 52. Nd6 Bc7 {[%emt 0:00:00] Inhibits Rb6+.} 53. Ra2 {[%emt 0:00:00] Against Ra8. Strongly threatening Ra6+.} Bb8 $2 {[%emt 0:00:32] [#]} (53... Bxd6 $18 54. exd6 Bc8) 54. Ra6+ Kc7 55. Bb6+ {[%emt 0:00:10] Weighted Error Value: White=0.18 (very precise) /Black=0.34.  Mistake:       	White=3     	Black=6      Inaccurate:     	White=2     	Black=3      OK:         	White=23    	Black=13     Best:        	White=3     	Black=3} 1-0

[Event "10th Cesme Open-A 2024"]
[Site "Cesme"]
[Date "2024.06.30"]
[Round "9"]
[White "Durak, Can"]
[Black "Zakirov, Musa"]
[Result "1-0"]
[ECO "D27"]
[WhiteElo "2442"]
[BlackElo "2112"]
[Annotator "TA"]
[PlyCount "99"]
[EventDate "2024.06.23"]
[EventType "swiss"]
[EventCountry "TUR"]
[SourceTitle "playchess.com"]
[Source "ChessBase"]
[SourceQuality "1"]
[TimeControl "5400+30"]

1. Nf3 d5 2. e3 Nf6 3. c4 dxc4 4. Bxc4 e6 5. Nc3 a6 6. O-O c5 7. d4 b5 8. Bb3 Bb7 9. e4 c4 10. Bc2 Be7 11. Qe2 O-O 12. Rd1 Nbd7 13. e5 Nd5 {[%emt 0:00:30] The position is equal.} 14. Qe4 g6 {[%emt 0:00:30] White must now prevent ...Nxc3.} 15. Qg4 Nxc3 16. bxc3 Kg7 {[%emt 0:01:30] Dodges Bh6+} (16... Nb6 $11) 17. Ng5 $1 $14 Bd5 18. h4 {[%emt 0:00:30] White is more active.} (18. a4 $16) 18... h5 ({Black should try} 18... f5 $14 19. exf6+ Rxf6) 19. Qg3 $40 {[%emt 0:01:30][%cal Og5f7][%mdl 128] Threatens to win with Nxf7! White attacks with force.} Qe8 20. Nh3 (20. a4 $16) 20... Rh8 (20... Nb6 $14) 21. a4 Nb6 22. a5 Nd7 (22... Na4 $16 {was necessary.}) 23. Nf4 $18 Bb7 24. Be3 Rd8 25. d5 exd5 (25... Bxd5 {keeps fighting.} 26. Nxd5 exd5) 26. Bd4 {[%emt 0:01:30] e6+ is the strong threat.} (26. Nxd5 Bxd5 27. Rxd5 Nf8 $16) 26... Nf8 27. e6+ f6 28. Re1 Rh6 29. Re3 Qc6 $2 (29... Rc8 30. Rae1 Kg8) 30. Qg5 {[%emt 0:00:30] Strongly threatening Rf3.} Rd6 31. Rg3 Qe8 32. Nxh5+ Rxh5 33. Qxh5 {[%emt 0:00:30] White wants to mate with Be3.} Rxe6 34. Qf3 Bd6 {[%emt 0:00:30] [#]} 35. Rf1 $1 Bxg3 36. fxg3 (36. Qxg3 Re2 $18) 36... Nd7 {[%emt 0:00:30] [#]} (36... Kg8 $142 37. h5 (37. Bxf6 Qf7 $18) 37... b4 38. cxb4 gxh5) 37. h5 $1 Ne5 (37... Re1 38. Bxg6) 38. Qf4 (38. Bxe5 $142 fxe5 39. Bxg6) 38... Bc8 39. hxg6 {[%emt 0:00:30] Bxe5 would now be deadly.} Qe7 40. Qh4 Nxg6 41. Qg5 Qf7 42. Bf5 {[%emt 0:00:00] This pair of bishops is nice. Black is weak on the dark squares} Kh7 43. Qh5+ (43. Bxe6 $142 fxg5 44. Rxf7+ (44. Bxf7 Ne7 $18) 44... Kg8 45. Rg7+ (45. Bxc8 Kxf7 46. Bxa6 b4 $18) 45... Kf8 46. Bxc8 Ke8 47. Bd7+ (47. Rxg6 Ke7 48. Be5 Kd8 49. Rg8+ Ke7 50. Rg7+ Kf8 51. Be6 Ke8 52. Bf6 Kf8 53. Rg8#) 47... Kf8 48. Be6 (48. Rxg6 Ke7 49. Bxb5 Kf7 50. Rxa6 Kf8 51. Rh6 Kg8 52. a6 g4 53. a7 Kf7 54. a8=Q Ke7 55. Qe8#)) 43... Kg7 44. Qg5 (44. Bxe6 $18 Bxe6 45. Qg5 (45. Bxf6+ Qxf6 46. Rxf6 Kxf6 $18)) 44... Kh7 $1 45. Bxe6 Qxe6 46. Rxf6 Qe1+ 47. Rf1 Qe8 48. Rf6 Qe1+ $1 49. Kh2 Qe4 50. Qh5+ {[%emt 0:00:00] Weighted Error Value: White=0.67/Black=0.52.  Mistake:       	White=2     	Black=7      Inaccurate:     	---       	Black=1      OK:         	White=8     	Black=6      Best:        	White=3     	Black=4      Strong:       	White=1     	---        Brilliant:      	White=1     	---} 1-0

[Event "10th Cesme Open-A 2024"]
[Site "Cesme"]
[Date "2024.06.30"]
[Round "9"]
[White "Pacher, Milan"]
[Black "Kavri, Yusuf Eren"]
[Result "1-0"]
[ECO "B67"]
[WhiteElo "2387"]
[BlackElo "2059"]
[Annotator "RC"]
[PlyCount "103"]
[EventDate "2024.06.23"]
[EventType "swiss"]
[EventCountry "TUR"]
[SourceTitle "playchess.com"]
[Source "ChessBase"]
[SourceQuality "1"]
[TimeControl "5400+30"]

1. e4 c5 2. Nf3 Nc6 3. d4 cxd4 4. Nxd4 Nf6 5. Nc3 d6 6. Bg5 e6 7. Qd2 a6 8. O-O-O Bd7 9. f3 Be7 10. h4 Nxd4 11. Qxd4 Qc7 12. g4 h5 13. gxh5 Nxh5 14. Bxe7 Kxe7 15. e5 d5 16. Bh3 Rac8 17. Bg4 Qc4 18. Qb6 Rc6 19. Qxb7 d4 20. Qa7 Ng3 21. Rh2 Qc5 22. Qxc5+ Rxc5 23. Ne2 Nxe2+ 24. Rxe2 d3 25. Red2 Rxc2+ 26. Rxc2 dxc2 27. Rh1 Rc8 28. Rh2 Rc5 29. f4 Rc4 30. Rf2 Bc6 31. b3 Re4 32. Kxc2 f6 33. exf6+ Kxf6 34. Re2 Rxf4 35. Rxe6+ Kf7 36. Rxc6 Rxg4 37. Rxa6 Rxh4 38. Kd3 g5 39. Ke3 Rf4 40. Rb6 Rf1 41. Ke2 Rf4 42. Rc6 Rf5 43. a4 g4 44. Rc4 Rf3 45. b4 Ra3 46. b5 g3 47. b6 g2 48. Kf2 Ra2+ 49. Kg1 Rb2 50. a5 Ke6 51. Ra4 Kd6 52. a6 1-0

[Event "10th Cesme Open-A 2024"]
[Site "Cesme"]
[Date "2024.06.30"]
[Round "9"]
[White "Domalchuk-Jonasson, Aleksandr"]
[Black "Zerey, Demhat"]
[Result "0-1"]
[ECO "A46"]
[WhiteElo "2380"]
[BlackElo "2038"]
[Annotator "RC"]
[PlyCount "82"]
[EventDate "2024.06.23"]
[EventType "swiss"]
[EventCountry "TUR"]
[SourceTitle "playchess.com"]
[Source "ChessBase"]
[SourceQuality "1"]
[TimeControl "5400+30"]

1. Nf3 d5 2. g3 Nf6 3. Bg2 e6 4. O-O Be7 5. d4 b5 6. a4 b4 7. c4 bxc3 8. bxc3 a5 9. c4 dxc4 10. Ne5 Nd5 11. Nxc4 O-O 12. e4 Nb4 13. Nba3 Bb7 14. Be3 Nd7 15. d5 exd5 16. exd5 Bc5 17. Rc1 Bxe3 18. Nxe3 Nf6 19. Rc5 Nd7 20. Rc4 Ba6 21. Nb5 Bxb5 22. axb5 Rb8 23. Qa1 Rxb5 24. Rfc1 Nd3 25. R1c3 N3c5 26. Bf1 Qf6 27. Qc1 Qb6 28. Nf5 Qf6 29. Ne3 Qb6 30. Nf5 Qf6 31. Rf4 Rb4 32. Qe3 Rxf4 33. Ne7+ Kh8 34. gxf4 Re8 35. Rxc5 Nxc5 36. Qxc5 Qxe7 37. Qxa5 h6 38. h3 Qd6 39. Qa4 Re1 40. Qa8+ Kh7 41. Qa5 Qg6+ 0-1

[Event "10th Cesme Open-A 2024"]
[Site "Cesme"]
[Date "2024.06.30"]
[Round "9"]
[White "Ebrahimi Herab, Hamidreza"]
[Black "Taspinar, Yanki"]
[Result "1-0"]
[ECO "D36"]
[WhiteElo "2333"]
[BlackElo "2309"]
[Annotator "RC"]
[PlyCount "75"]
[EventDate "2024.06.23"]
[EventType "swiss"]
[EventCountry "TUR"]
[SourceTitle "playchess.com"]
[Source "ChessBase"]
[SourceQuality "1"]
[TimeControl "5400+30"]

1. d4 d5 2. c4 e6 3. Nc3 Nf6 4. cxd5 exd5 5. Bg5 c6 6. Qc2 Be6 7. e3 h6 8. Bh4 Nbd7 9. Bd3 g5 10. Bg3 Nh5 11. Nge2 Nxg3 12. Nxg3 h5 13. O-O-O h4 14. Nge2 Qf6 15. e4 Nb6 16. exd5 Nxd5 17. Be4 O-O-O 18. Nxd5 Bxd5 19. Bxd5 Rxd5 20. Qa4 Qf5 21. Nc3 Rd7 22. Qxa7 g4 23. Rd2 Kc7 24. Rc2 Bh6+ 25. Kb1 Re8 26. Rd1 Red8 27. a3 Bg7 28. a4 Qf4 29. Nb5+ Kc8 30. Rdc1 Rc7 31. g3 Qe4 32. Nxc7 Kxc7 33. Ka1 Rd6 34. Qa5+ Kd7 35. Qa8 Kc7 36. Rc4 Bxd4 37. Rb4 c5 38. Rxc5+ 1-0

[Event "10th Cesme Open-A 2024"]
[Site "Cesme"]
[Date "2024.06.30"]
[Round "9"]
[White "Tarlabasi, Emirhan"]
[Black "Eke, Salih"]
[Result "1-0"]
[ECO "E71"]
[WhiteElo "2303"]
[BlackElo "2251"]
[Annotator "RC"]
[PlyCount "59"]
[EventDate "2024.06.23"]
[EventType "swiss"]
[EventCountry "TUR"]
[SourceTitle "playchess.com"]
[Source "ChessBase"]
[SourceQuality "1"]
[TimeControl "5400+30"]

1. d4 Nf6 2. c4 g6 3. Nc3 Bg7 4. e4 d6 5. h3 O-O 6. Be3 e5 7. d5 Nbd7 8. g4 a5 9. Nge2 b6 10. Ng3 Nc5 11. Be2 Nfd7 12. Qd2 Ba6 13. h4 Qe7 14. O-O-O f6 15. h5 a4 16. hxg6 hxg6 17. Rdg1 Kf7 18. Nf5 gxf5 19. gxf5 Rh8 20. Rxg7+ Kxg7 21. Bh6+ Kg8 22. Rg1+ Kh7 23. Qe3 Rag8 24. Rh1 Rg5 25. Bf8+ Kg8 26. Rxh8+ Kxh8 27. Bxe7 Kg7 28. Bd8 Kf7 29. Bxc7 Ke7 30. Qh3 1-0

[Event "10th Cesme Open-A 2024"]
[Site "Cesme"]
[Date "2024.06.30"]
[Round "9"]
[White "Karaoglan, Kivanc"]
[Black "Selbes, Tamer Tarik"]
[Result "1/2-1/2"]
[ECO "B06"]
[WhiteElo "2274"]
[BlackElo "2183"]
[Annotator "RC"]
[PlyCount "86"]
[EventDate "2024.06.23"]
[EventType "swiss"]
[EventCountry "TUR"]
[SourceTitle "playchess.com"]
[Source "ChessBase"]
[SourceQuality "1"]
[TimeControl "5400+30"]

1. e4 g6 2. d4 Bg7 3. Nf3 d6 4. Bc4 c6 5. Bb3 Nf6 6. Qe2 O-O 7. e5 dxe5 8. dxe5 Nd5 9. h3 a5 10. a3 Na6 11. O-O Nc5 12. Ba2 Be6 13. Rd1 Qc7 14. c4 Nb6 15. Be3 Nbd7 16. Nc3 a4 17. Rac1 b6 18. Bf4 Qb7 19. Nd4 Rfe8 20. Rd2 Nf8 21. Rcd1 Bd7 22. Ne4 Rad8 23. Nxc5 bxc5 24. Nf3 Ne6 25. Qe4 Bc8 26. Be3 Rxd2 27. Rxd2 f5 28. exf6 exf6 29. Bxc5 f5 30. Qe2 Bd7 31. Bd6 c5 32. Qd1 Bc6 33. b4 axb3 34. Qxb3 Qa8 35. Re2 Be4 36. Bb1 Rd8 37. Bxe4 fxe4 38. Qb6 Qa4 39. Rxe4 Qd1+ 40. Re1 Rxd6 41. Qb8+ Rd8 42. Qb6 Rd6 43. Qb8+ Rd8 1/2-1/2

[Event "10th Cesme Open-A 2024"]
[Site "Cesme"]
[Date "2024.06.30"]
[Round "9"]
[White "Barrish, Daniel"]
[Black "Kamer, Kayra"]
[Result "0-1"]
[ECO "E91"]
[WhiteElo "2256"]
[BlackElo "2316"]
[Annotator "RC"]
[PlyCount "64"]
[EventDate "2024.06.23"]
[EventType "swiss"]
[EventCountry "TUR"]
[SourceTitle "playchess.com"]
[Source "ChessBase"]
[SourceQuality "1"]
[TimeControl "5400+30"]

1. d4 Nf6 2. c4 g6 3. Nc3 Bg7 4. e4 d6 5. Be2 Nc6 6. Nf3 O-O 7. d5 Ne5 8. Nxe5 dxe5 9. h4 e6 10. h5 exd5 11. h6 Bh8 12. cxd5 Ne8 13. Bg4 f5 14. exf5 gxf5 15. Bh5 Nd6 16. Qe2 b5 17. f4 e4 18. g4 b4 19. Qg2 Bf6 20. g5 Bh8 21. g6 Bf6 22. g7 Rf7 23. Bxf7+ Nxf7 24. Nd1 Qxd5 25. Be3 Ba6 26. Rc1 Rd8 27. Qc2 Qb5 28. Kf2 Rd6 29. a4 Bh4+ 30. Rxh4 Qf1+ 31. Kg3 Rg6+ 32. Kh2 Be2 0-1

[Event "10th Cesme Open-A 2024"]
[Site "Cesme"]
[Date "2024.06.30"]
[Round "9"]
[White "Bolat, Inayat"]
[Black "Bicer, Atakan Mert"]
[Result "1-0"]
[ECO "B12"]
[WhiteElo "2232"]
[BlackElo "2313"]
[Annotator "RC"]
[PlyCount "89"]
[EventDate "2024.06.23"]
[EventType "swiss"]
[EventCountry "TUR"]
[SourceTitle "playchess.com"]
[Source "ChessBase"]
[SourceQuality "1"]
[TimeControl "5400+30"]

1. e4 c6 2. d4 d5 3. e5 Bf5 4. Nf3 e6 5. Be2 Ne7 6. O-O Nd7 7. Re1 h6 8. Nbd2 Bh7 9. Nf1 Nf5 10. c3 Be7 11. Bd3 h5 12. Qc2 h4 13. Ne3 Nxe3 14. Bxe3 Bxd3 15. Qxd3 Rh5 16. b4 Qc7 17. a4 Rf5 18. Nd2 f6 19. exf6 Nxf6 20. b5 Kf7 21. bxc6 bxc6 22. Qe2 Kg8 23. g4 hxg3 24. fxg3 Nd7 25. Bf4 e5 26. dxe5 Raf8 27. e6 Qb6+ 28. Be3 Nc5 29. Bd4 Qc7 30. Kh1 Qd6 31. Rab1 Nxa4 32. Rb7 Nc5 33. Qg4 R5f6 34. Bxf6 Bxf6 35. Rf7 Nd3 36. Rxf8+ Qxf8 37. Rf1 Nc5 38. c4 Qe7 39. cxd5 cxd5 40. Rb1 Qe8 41. Qf5 Qa8 42. Nf3 d4 43. Kg2 Ne4 44. e7 Ng5 45. Re1 1-0

[Event "10th Cesme Open-A 2024"]
[Site "Cesme"]
[Date "2024.06.30"]
[Round "9"]
[White "Ozcan, Kaan"]
[Black "Uysal, Ugur"]
[Result "1/2-1/2"]
[ECO "E62"]
[WhiteElo "2227"]
[BlackElo "2058"]
[Annotator "RC"]
[PlyCount "64"]
[EventDate "2024.06.23"]
[EventType "swiss"]
[EventCountry "TUR"]
[SourceTitle "playchess.com"]
[Source "ChessBase"]
[SourceQuality "1"]
[TimeControl "5400+30"]

1. d4 Nf6 2. c4 g6 3. Nf3 Bg7 4. g3 O-O 5. Bg2 d6 6. O-O c6 7. Nc3 Qb6 8. Qc2 Bf5 9. e4 Nxe4 10. g4 Ng3 11. gxf5 Nxf1 12. Kxf1 Qa6 13. Ne2 Nd7 14. Bg5 Rae8 15. b3 e6 16. fxg6 fxg6 17. Re1 e5 18. dxe5 Nxe5 19. Nxe5 Rxe5 20. Bh4 Qb6 21. Bg3 Ree8 22. Qd2 Qc5 23. Nc3 d5 24. Rxe8 Rxe8 25. Na4 Qe7 26. cxd5 Qf6 27. Kg1 Qa1+ 28. Bf1 Re1 29. Qd3 Rd1 30. Qe2 Re1 31. Qd3 Rd1 32. Qe2 Re1 1/2-1/2